Map: Whispers of Gold

Players

llllllllllll - Winner!

  • Race: Terran Terran
  • League: Bronze
  • Spawn Location: 5:00

帅气的狮子

  • Race: Zerg Zerg
  • Spawn Location: 9:00

VOD

Have the link to the VOD?

Description

Time

  • Played on: April 24, 2025, 8:20 a.m.
  • Length: 3:25
Show
View Real Time Build Order
Export as new Build Order

llllllllllll Terran - Winner!

Build Orders:  

Get SALT Encoding   

  12  0:00  SCV  
  13  0:12  SCV  
  14  0:19  Supply Depot  
  14  0:24  SCV  
  15  0:43  Barracks  
  15  0:54  Barracks  
  15  1:07  Barracks  
  15  1:29  Marine  
  15  1:30  Barracks  
  16  1:41  Marine  
  16  1:43  Supply Depot  
  17  1:47  Marine  
  17  1:54  Marine  
  18  1:58  Marine  
  20  2:05  Marine  
  21  2:12  Marine  
  22  2:16  Marine x2  
  24  2:23  Marine  
  24  2:29  Marine  
  25  2:34  Marine x2  
  27  2:41  Marine  
  28  2:47  Marine  
  28  2:52  Marine x2  
  28  2:58  Marine  
  28  3:05  Marine  
Show
View Real Time Build Order
Export as new Build Order

帅气的狮子 Zerg 

Build Orders: Hatch First 

Get SALT Encoding   

  12  0:00  Drone  
  13  0:13  Overlord  
  14  0:21  Drone  
  14  0:34  Drone  
  14  0:35  Drone  
  16  0:43  Drone  
  17  0:56  Drone  
  18  0:59  Drone  
  18  1:00  Hatchery  
  18  1:09  Extractor  
  17  1:17  Spawning Pool  
  16  1:19  Drone  
  17  1:27  Drone  
  17  1:32  Drone  
  19  2:05  Zergling x2  
  19  2:06  Zergling x2  
  21  2:11  Queen x2  
  25  2:18  Zergling x2  
  26  2:33  Zergling x4  
  19  3:01  Zergling x2  
  19  3:02  Zergling x10  
Tags
 
League
Bronze
Matchup
TvZ
Replay Pack
kreditionep1
Spawn Locations
Cross Positions
Add a new tag
Caveats
  • Supply blocks, unpowered buildings, or Contaminate may cause inaccurate times.
  • Supply counts are checked every 10 seconds.